 Dungeon Crawl Stone Soup version 0.28.0-43-g3370ac3207 (webtiles) character file.

Game seed: 6700050882327090800

473 safid the Cleaver (level 7, -6/59 HPs)
             Began as a Hill Orc Fighter on Mar 24, 2022.
             Mangled by a two-headed ogre
             ... wielding a +0 giant club
              (15 damage)
             ... on level 5 of the Dungeon.
             The game lasted 00:04:58 (4186 turns).

safid the Cleaver (Hill Orc Fighter)                Turns: 4186, Time: 00:04:59

Health: -6/59      AC: 14    Str: 21    XL:     7   Next: 10%
Magic:  7/7        EV:  5    Int:  8    God:
Gold:   238        SH:  4    Dex: 10    Spells: 6/6 levels left

rFire   . . .      SeeInvis .   a - +0 war axe
rCold   . . .      Faith    .   c - +0 buckler
rNeg    . . .      Spirit   .   x - +0 plate armour
rPois   .          Reflect  .   n - +0 helmet
rElec   .          Harm     .   (no cloak)
rCorr   .          Rampage  .   (no gloves)
Will    .....                   w - +0 pair of boots
Stlth   ..........              (no amulet)
HPRegen 0.19/turn               (no ring)
MPRegen 0.10/turn               (no ring)

@: no status effects
A: no striking features
a: no special abilities


You were on level 5 of the Dungeon.
You visited 1 branch of the dungeon, and saw 5 of its levels.

You collected 238 gold pieces.

Inventory:

Hand Weapons
 a - a +0 war axe (weapon)
 p - the +6 hunting sling of the Past {freeze, Fly rF- Dex+3}
   (You found it on level 3 of the Dungeon)

   Any ammunition fired from it freezes those it strikes, dealing additional
   cold damage.
   It can also slow down cold-blooded creatures.
   Dex:       It affects your dexterity (+3).
   rF:        It makes you vulnerable to fire.
   Fly:       It grants you flight.
Missiles
 b - 2 javelins (quivered)
 r - 4 boomerangs
 y - 5 poisoned darts
Armour
 c - a +0 buckler (worn)
 n - a +0 helmet (worn)
 w - a +0 pair of boots (worn)
 x - a +0 plate armour (worn)
Jewellery
 t - an amulet of faith
Scrolls
 g - a scroll of immolation {unknown}
 j - a scroll of noise {unknown}
 k - a scroll of holy word {unknown}
 l - a scroll of blinking {unknown}
 o - a scroll of identify {unknown}
 v - a scroll of enchant weapon {unknown}
 z - a scroll of teleportation {unknown}
Potions
 d - a potion of might
 e - 5 potions of degeneration {unknown}
 f - 2 potions of curing {unknown}
 h - a potion of cancellation {unknown}
 i - a potion of ambrosia {unknown}
 m - 2 potions of invisibility {unknown}
 q - 3 potions of lignification {unknown}
 s - a potion of flight {unknown}
 u - a potion of mutation {unknown}


   Skills:
 - Level 4.0 Fighting
 + Level 8.9 Axes
 - Level 4.0 Armour
 - Level 4.0 Shields


You had 6 spell levels left.
You didn't know any spells.
Your spell library contained the following spells:

 Spells                   Type           Power      Damage    Failure   Level
 Conjure Flame            Conj/Fire      0%         6-21      100%        3
 Ignite Poison            Fire/Tmut/Pois 0%         N/A       100%        3
 Sticky Flame             Conj/Fire      0%         2d3       100%        4


Dungeon Overview and Level Annotations

Branches:
Dungeon (5/15)             Temple (0/1) D:4

Altars:
Zin


Message History

You slash the bullfrog zombie!
You destroy the bullfrog zombie!
You see here a +0 ring mail of willpower.
A two-headed ogre comes into view. It is wielding two +0 giant clubs.
The two-headed ogre shouts in stereo!
Throw: 4 javelins
Press: ? - help, Q - select action, (/) - cycle Shift-Dir - straight line, f - two-headed ogre
Aim: a two-headed ogre, wielding two +0 giant clubs (73% to hit)
You throw a javelin.
The javelin pierces through the two-headed ogre.
The two-headed ogre is lightly wounded.
Throw: 3 javelins
Press: ? - help, Q - select action, (/) - cycle Shift-Dir - straight line, f/p - two-headed ogre
Aim: a two-headed ogre, wielding two +0 giant clubs (lightly wounded, 73% to hit)
You throw a javelin.
The javelin pierces through the two-headed ogre but does no damage.
The two-headed ogre is lightly wounded.
You slash the two-headed ogre!
The two-headed ogre is lightly wounded.
The two-headed ogre hits you with a +0 giant club!
The two-headed ogre hits you with a +0 giant club.
Unknown command.
You slice the two-headed ogre!!
The two-headed ogre is heavily wounded.
Unknown command.
You slash the two-headed ogre!
The two-headed ogre is severely wounded.
The two-headed ogre hits you with a +0 giant club! x2
* * * LOW HITPOINT WARNING * * *
Unknown command.
You slash the two-headed ogre!
The two-headed ogre is severely wounded.
You block the two-headed ogre's attack.
The two-headed ogre hits you with a +0 giant club!
* * * LOW HITPOINT WARNING * * *
Unknown command.
You slash the two-headed ogre!
The two-headed ogre is almost dead.
The two-headed ogre hits you with a +0 giant club!
You die...

##########
..........
.........#######
................
................
................
(.....O@........
..######........
................
#..#####........
#.# #........
#.# ##........
#.#.# #.........
#.#.# #.......##
# #.#.#
#.......#


You could see a two-headed ogre.

Vanquished Creatures
  An ogre (D:5)
  A bullfrog (D:4)
  A scorpion (D:4)
  A bullfrog zombie (D:5)
  A bullfrog skeleton (D:4)
  An iguana (D:4)
  An orc wizard (D:4)
  2 hound skeletons (D:4)
  4 adders
  2 adder skeletons (D:4)
  A worm (D:1)
  4 dart slugs
  8 orcs
  2 endoplasms (D:2)
  3 giant cockroaches
  11 goblins
  6 hobgoblins
  6 jackals
  5 kobolds
  2 quokkas
  4 ball pythons
  4 bats
  6 frilled lizards
  6 rats
83 creatures vanquished.

Notes
Turn   | Place    | Note
-------+----------+-------------------------------------------
     0 | D:1      | safid the Hill Orc Fighter began the quest for the Orb.
     0 | D:1      | Reached XP level 1. HP: 19/19 MP: 1/1
   136 | D:1      | Found a faded altar of an unknown god.
   138 | D:1      | Reached XP level 2. HP: 27/27 MP: 2/2
   153 | D:1      | Reached skill level 3 in Axes
   544 | D:1      | Reached XP level 3. HP: 27/33 MP: 3/3
  1475 | D:2      | Reached XP level 4. HP: 31/40 MP: 4/4
  1588 | D:2      | Reached skill level 4 in Axes
  2385 | D:3      | Identified the +6 hunting sling of the Past {freeze, Fly
                  | rF- Dex+3}
  2872 | D:4      | Reached skill level 5 in Axes
  2972 | D:4      | Noticed a scorpion
  2981 | D:4      | Killed a scorpion
  2982 | D:4      | Reached skill level 6 in Axes
  2982 | D:4      | Reached XP level 5. HP: 38/46 MP: 5/5
  3365 | D:4      | Found a staircase to the Ecumenical Temple.
  3396 | D:4      | Reached XP level 6. HP: 45/52 MP: 6/6
  3494 | D:4      | Found a glowing silver altar of Zin.
  3501 | D:4      | Reached skill level 7 in Axes
  3715 | D:4      | Reached skill level 8 in Axes
  3988 | D:5      | Entered Level 5 of the Dungeon
  4063 | D:5      | Reached XP level 7. HP: 46/59 MP: 7/7
  4178 | D:5      | Noticed a two-headed ogre
  4186 | D:5      | Mangled by a two-headed ogre

Illustrated notes

Levels and vault maps discovered:
D:1:      ncdulo_lavacross, layout_basic, hellmonk_ecumenical_altar_dog_temple,
          serial_glass, glass_columns_a, glass_columns_c
D:2:      layout_basic, grunt_ministairs_7
D:3:      layout_basic
D:4:      layout_loops_corners, zin_academy, minmay_temple_entry_statues
D:5:      layout_basic, nicolae_overflow_quartered_altars

Skill      XL: |  1  2  3  4  5  6 |
---------------+-------------------+-----
Axes           | 3 6 8 |  8.9
Fighting       | 4 |  4.0
Armour         | 4 |  4.0
Shields        | 4 |  4.0

Action                   |  1- 3 |  4- 6 |  7- 9 || total
-------------------------+-------+-------+-------++-------
Melee: War axe           |   106 |   156 |    10 ||   272
Throw: Javelin           |       |     4 |     2 ||     6
Armor: Scale mail        |    57 |     3 |       ||    60
       Chain mail        |       |    51 |       ||    51
       Plate armour      |       |    37 |     3 ||    40
Dodge: Dodged            |    67 |    46 |     1 ||   114
Block: Buckler           |    27 |    32 |     3 ||    62
